 Dungeon Crawl Stone Soup version 0.30.1-3-gfc49f6343a (webtiles) character file.

Game seed: 13710156225200894010

537 Zeor the Cudgeller (level 7, -6/64 HPs)
             Began as a Gargoyle Monk on July 28, 2023.
             Killed by divine providence
             ... invoked by an orc priest
              (10 damage)
             ... on level 4 of the Dungeon.
             The game lasted 00:07:58 (2755 turns).

Zeor the Cudgeller (Gargoyle Monk)                  Turns: 2755, Time: 00:07:59

Health: -6/64      AC: 23    Str: 17    XL:     7   Next: 25%
Magic:  7/7        EV:  2    Int: 10    God:
Gold:   24         SH:  0    Dex: 12    Spells: 6/6 levels left

rFire   . . .        a - +0 mace (holy)
rCold   . . .        d - orb {light}
rNeg    + . .        k - melded +0 chain mail
rPois   ∞            (helmet currently unavailable)
rElec   .            (cloak currently unavailable)
rCorr   .            i - melded +1 pair of gloves
SInv    .            f - melded +0 pair of boots
Will    .....        n - amulet of the acrobat
Stlth   +            (no ring)
HPRegen 0.30/turn    (no ring)
MPRegen 0.10/turn

%: acrobat
@: mighty, tree-form, glowing
A: stationary, stasis, torment immunity, boosted hp, sickness immunity, AC +4,
negative energy resistance 1, (electricity resistance), torment resistance 1,
petrification resistance
a: no special abilities


You were on level 4 of the Dungeon.
You were a tree.
You visited 1 branch of the dungeon, and saw 4 of its levels.

You collected 108 gold pieces.
You spent 84 gold pieces at shops.

Inventory:

Hand Weapons
 a - a +0 mace of holy wrath (weapon)
 p - a +0 mace
Missiles
 q - 2 throwing nets (quivered)
Armour
 d - an orb of light (worn)
 f - a +0 pair of boots (melded)
 i - a +1 pair of gloves (melded)
 k - a +0 chain mail (melded)
Jewellery
 n - an amulet of the acrobat (around neck)
Scrolls
 g - a scroll of teleportation
 m - a scroll of vulnerability
 r - 3 scrolls of fog
Potions
 b - 5 potions of flight
 c - 2 potions of ambrosia
 e - a potion of berserk rage
 h - 2 potions of curing
 l - a potion of brilliance


   Skills:
 + Level 4.1 Fighting
 * Level 7.0 Maces & Flails
 + Level 2.0 Armour
 + Level 3.0 Dodging
 - Level 0.2 Stealth


You had 6 spell levels left.
You didn't know any spells.
Your spell library was empty.

Dungeon Overview and Level Annotations

Branches:
Dungeon (4/15)
 Temple: D:4-7

Altars:
Ru

Shops:
D:4 ?:![


Innate Abilities, Weirdness & Mutations

You are a tree.
Your roots penetrate the ground, keeping you stationary.
You cannot be teleported.
You are immune to unholy pain and torment.
Your maximum health is greatly increased.
Your equipment is partially melded.
You are immune to sickness and miasma.
((Your stone body is resilient. (AC +4)))
You are immune to poison.
You resist negative energy. (rN+)
((You are resistant to electric shocks. (rElec)))
You are resistant to unholy torment.
You are immune to petrification.


Message History

The orc warrior is severely wounded.
The orc warrior hits you but does no damage.
You hit the orc warrior.
The orc warrior is severely wounded.
The orc warrior misses you.
The orc warrior hits you but does no damage.
You hit the orc warrior but do no damage.
The orc warrior is severely wounded.
The orc warrior hits you with a +0 war axe.
You hit the orc warrior.
The orc warrior is severely wounded.
The orc warrior hits you with a +0 war axe!
* * * LOW HITPOINT WARNING * * *
It was a potion of lignification.
You turn into a tree.
Your +1 pair of gloves melds into your body.
Your +0 pair of boots melds into your body.
Your +0 chain mail melds into your body.
Your roots penetrate the ground.
The orc warrior hits you but does no damage.
The orc priest looks encouraged for a moment.
You hit the orc warrior.
The orc warrior is almost dead.
The orc warrior hits you with a +0 war axe!
* * * LOW HITPOINT WARNING * * *
You hit the orc warrior.
You kill the orc warrior!
Your Maces & Flails skill increases to level 7!
Your Armour skill increases to level 2!
You hit the gnoll.
The gnoll is heavily wounded.
The gnoll hits you but does no damage.
The orc priest begins to cast a cantrip, but forgets the words!
You thump the gnoll!
You kill the gnoll!
You hit the orc wizard.
The orc wizard is lightly wounded.
The orc wizard hits you but does no damage.
The orc priest mumbles some strange prayers to Beogh against you.
Beogh smites you!
You die...

▒∙▒▒▒▒∙∙∙∙∙∙∙∙▒▒▒▒∙∙∙
▒∙∙∙∙∙∙∙∙∙∙∙∙∙∙∙∙∙∙∙▒
▒∙∙▒▒▒∙∙∙∙∙▒▒∙▒▒▒▒▒∙
▒ ▒▒▒▒▒▒▒▒∙▒▒ ▒ ▒∙∙▒
▒▒▒∙o▒∙o▒▒▒▒▒▒▒▒


∙∙$(oo∙∙og∙∙∙∙∙g∙ ∙8∙▒oo▒o▒o▒▒▒▒▒▒ ∙∙∙∙∙▒∙▒♣▒ ▒∙∙8 ▒g▒)▒ ∙∙$▒▒ ▒∙▒∙▒ ▒▒∙ ▒∙▒∙▒ ▒
▒∙▒∙▒ ▒∙∙∙▒ ∙∙▒ ∙∙▒ You could see an orc priest, an orc wizard (invisible), an
orc and a hobgoblin.

Vanquished Creatures
  Eustachio (D:4)
  An orc warrior (D:4)
  A phantom (D:4)
  A sleepcap (D:4)
  An orc wizard (D:4)
  3 gnolls
  6 adders
  An ufetubus (D:4)
  A worm (D:4)
  2 dart slugs (D:3)
  5 orcs (D:4)
  7 ball pythons
  3 endoplasms
  2 giant cockroaches
  6 goblins
  5 hobgoblins
  5 jackals
  8 kobolds
  4 quokkas
  3 bats
  A frilled lizard (D:1)
  10 rats
77 creatures vanquished.

Notes
Turn   | Place    | Note
-------+----------+-------------------------------------------
     0 | D:1      | Zeor the Gargoyle Monk began the quest for the Orb.
     0 | D:1      | Reached XP level 1. HP: 14/14 MP: 1/1
    87 | D:1      | Reached XP level 2. HP: 11/19 MP: 2/2
   250 | D:1      | Reached XP level 3. HP: 21/23 MP: 3/3
   849 | D:2      | Reached skill level 4 in Maces & Flails
   994 | D:2      | Found a faded altar of an unknown god.
  1054 | D:2      | Reached XP level 4. HP: 28/28 MP: 4/4
  1940 | D:3      | Identified the +3 ring mail "Ujerikkeme" {-Tele rElec
                  | Dex+3}
  2078 | D:3      | Reached XP level 5. HP: 33/33 MP: 5/5
  2174 | D:3      | Found a sacrificial altar of Ru.
  2369 | D:4      | Found Dunug's Antique Armour Emporium.
  2371 | D:4      | Noticed a phantom
  2384 | D:4      | Killed a phantom
  2385 | D:4      | Reached skill level 5 in Maces & Flails
  2396 | D:4      | Noticed Eustachio
  2409 | D:4      | Killed Eustachio
  2410 | D:4      | Reached skill level 6 in Maces & Flails
  2410 | D:4      | Reached skill level 1 in Armour
  2410 | D:4      | Reached XP level 6. HP: 16/38 MP: 6/6
  2511 | D:4      | Found Cesoq's Distillery.
  2522 | D:4      | Noticed a walking frostbound tome
  2523 | D:4      | Found Huguit's Book Emporium.
  2523 | D:4      | Noticed a walking frostbound tome
  2627 | D:4      | Found Ucra's Magic Scroll Shoppe.
  2635 | D:4      | Bought a scroll of identify for 28 gold pieces
  2635 | D:4      | Bought a scroll of fog for 56 gold pieces
  2726 | D:4      | Noticed an orc warrior
  2737 | D:4      | Reached XP level 7. HP: 26/43 MP: 7/7
  2751 | D:4      | HP: 3/64 [orc warrior/+0 war axe (13)]
  2753 | D:4      | Reached skill level 7 in Maces & Flails
  2755 | D:4      | Killed from afar by an orc priest

Illustrated notes

Levels and vault maps discovered:
D:1:      minmay_arrival_jagged, layout_basic, minivault_19
D:2:      layout_basic, serial_co_window_serial, co_window_paths_a,
          co_window_paths_a, co_window_paths_a, co_window_corner_a,
          co_window_corner_a, co_window_broadway_a, co_window_corner_b,
          co_window_corner_b, co_window_broadway_c, co_window_corner_ca,
          co_window_4corner_a, glass_columns_c, glass_columns_a,
          glass_columns_b, glass_columns_a, glass_columns_c,
          basic_ecumenical_altar
D:3:      layout_rooms, mainiacjoe_overflow_brackets, minmay_hedge_maze,
          nrook_loot_triangle
D:4:      layout_rooms, kennysheep_mini_moat, serial_shops, shop,
          nicolae_shop_peninsula, nicolae_lakefront_shop,
          nicolae_shop_mannequins, shop_statue, guppyfry_early_orc_mine,
          uniq_eustachio, uniq_ijyb, uniq_pikel, uniq_blork_the_orc

Skill      XL: |  1  2  3  4  5  6  7 |
---------------+----------------------+-----
Maces & Flails | 4 6 7 |  7.0
Fighting       | 4 |  4.1
Armour         | 1 2 |  2.0
Dodging        | 3 |  3.0
Stealth        | |  0.2

Action                     |  1- 3 |  4- 6 |  7- 9 || total
---------------------------+-------+-------+-------++-------
  Melee: Mace              |    85 |   117 |    18 ||   220
    Use: Scroll            |     6 |     8 |       ||    14
         Potion            |       |     1 |     1 ||     2
 Armour: Robe              |     6 |       |       ||     6
         Chain mail        |    46 |    95 |     7 ||   148
         Skin              |       |       |     3 ||     3
  Dodge: Dodged            |    35 |    62 |     3 ||   100
